 Dungeon Crawl Stone Soup version 0.30-a0-652-gcc886f7154 (webtiles) character file.

Game seed: 8493604305279388741

102 holysushi the Magician (level 5, -6/41 HPs)
             Began as a Meteoran Earth Elementalist on Jan 18, 2023.
             Mangled by an iguana (8 damage)
             ... on level 3 of the Dungeon.
             The game lasted 00:06:22 (875 turns).

holysushi the Magician (Meteoran Earth Elementalist) Turns: 875, Time: 00:06:23

Health: -6/41      AC:  2    Str: 10    XL:     5   Next: 27%
Magic:  11/13      EV: 13    Int: 16    God:
Gold:   125        SH:  0    Dex: 16    Spells: 8/14 levels left

rFire   . . .      SeeInvis .    e - +3 short sword (drain)
rCold   . . .      Faith    .    (no shield)
rNeg    . . .      Spirit   .    a - +0 robe
rPois   .          Reflect  .    (no helmet)
rElec   .          Harm     .    (no cloak)
rCorr   +          Rampage  .    (no gloves)
Will    .....                    (no boots)
Stlth   +                        (no amulet)
HPRegen 0.26/turn                g - ring of resist corrosion
MPRegen 0.13/turn                (no ring)

@: about to teleport, very slightly contaminated, glowing
A: sense surroundings 1, otherworldly, glowing, explore regen
a: no special abilities


You were on level 3 of the Dungeon.
You visited 1 branch of the dungeon, and saw 3 of its levels.

You collected 125 gold pieces.

Inventory:

Hand Weapons
 e - a +3 short sword of draining (weapon)
Armour
 a - a +0 robe (worn)
 k - a +0 pair of boots
Jewellery
 g - a ring of resist corrosion (left hand)
Scrolls
 c - 2 scrolls of noise {unknown}
 j - a scroll of enchant armour {unknown}
 m - a scroll of identify {unknown}
 n - a scroll of poison {unknown}
Potions
 b - a potion of magic
 f - a potion of lignification {unknown}
 i - a potion of mutation {unknown}
 l - a potion of heal wounds {unknown}


   Skills:
 - Level 2.0 Fighting
 + Level 3.1 Dodging
 - Level 1.4 Stealth
 - Level 5.0 Spellcasting
 - Level 1.2 Transmutations
 - Level 3.6 Earth Magic


You had 8 spell levels left.
You knew the following spells:

 Your Spells              Type           Power      Damage    Failure   Level
a - Sandblast             Erth           30%        2d9       3%          1
b - Passwall              Tmut/Erth      9%         N/A       9%          2
c - Stone Arrow           Conj/Erth      18%        3d8       22%         3

Your spell library contained the following spells:

 Spells                   Type           Power      Damage    Failure   Level
 Ensorcelled Hibernation  Hex/Ice        8%         N/A       22%         2
 Spider Form              Tmut/Pois      5%         N/A       34%         3
 Ignite Poison            Fire/Tmut/Pois 5%         N/A       36%         3
 Kindle Blastsparks       Fire/Tloc/Air  8%         2d10      41%         3
 Petrify                  Tmut/Erth      11%        N/A       50%         4
 Anguish                  Hex/Necr       2%         N/A       83%         4
 Freezing Cloud           Conj/Ice/Air   2%         6-21      99%         5


Dungeon Overview and Level Annotations

Branches:
Dungeon (3/15) Zot: 884

Altars:

Shops:
D:2 =[


Innate Abilities, Weirdness & Mutations

You passively map a small area around you.
You are easily found by Zot.
You glow in the dark.
You regain HP and MP as you explore.


Message History

The iguana hisses angrily.
A hobgoblin comes into view.
The hobgoblin shouts!
Found 5 gold pieces.
There is a stone staircase leading down here.
A hobgoblin comes into view.
The iguana bites you.
Casting: Sandblast (safe; 3% risk of failure)
Confirm with . or Enter, or press ? or * to list all spells.
Aiming: Sandblast (safe; 3% risk of failure)
Press: ? - help, Shift-Dir - straight line, f - iguana
Aim: an iguana (84% to hit)
You miscast Sandblast.
You are very lightly contaminated with residual magic.
Nothing appears to happen.
The iguana bites you!
Casting: Sandblast (safe; 3% risk of failure)
Confirm with . or Enter, or press ? or * to list all spells.
Aiming: Sandblast (safe; 3% risk of failure)
Press: ? - help, Shift-Dir - straight line, f/p - iguana
Aim: an iguana (84% to hit)
The blast of sand hits the iguana!
The iguana is heavily wounded.
The hobgoblin barely misses you. The iguana bites you! The iguana bites you.
* * * LOW HITPOINT WARNING * * *
As you read the scroll labelled IGO ANEELU, it crumbles to dust.
It is a scroll of enchant weapon.
Your +2 short sword of draining glows red for a moment.
The hobgoblin closely misses you. The iguana completely misses you.
As you read the scroll labelled YTAFESOSEF, it crumbles to dust.
You feel strangely unstable.
It was a scroll of teleportation.
The hobgoblin hits you.
* * * LOW HITPOINT WARNING * * *
The hobgoblin misses you. The iguana bites you.
* * * LOW HITPOINT WARNING * * *
The hobgoblin attacks as you move away! The hobgoblin hits you.
* * * LOW HITPOINT WARNING * * *
The hobgoblin hits you but does no damage.
There is a stone staircase leading down here.
The iguana attacks as you move away! The iguana bites you!
You die...

#...# .# . , * #.#.#
*.# . * * * #.#.###.##.
###.#........ *
#####........... , ,
####.....#..####.## ,
..####...>.......)..<.#
.......g...........####
* * #.$..gl@.#####..[##
.$.######## *#...... ,
, , , ,...##### * *
#####


You could see an iguana and 2 hobgoblins.

Vanquished Creatures
  Jessica (D:2)
  3 worms (D:2)
  4 dart slugs
  4 bats
  6 endoplasms
  2 giant cockroaches
  7 hobgoblins
  7 kobolds
  5 quokkas
  3 ball pythons
  4 frilled lizards
  4 goblins (D:1)
  4 rats
54 creatures vanquished.

Notes
Turn   | Place    | Note
-------+----------+-------------------------------------------
     0 | D:1      | holysushi the Meteoran Earth Elementalist began the quest
                  | for the Orb.
     0 | D:1      | Reached XP level 1. HP: 14/14 MP: 5/5
    29 | D:1      | Reached skill level 1 in Fighting
    29 | D:1      | Reached XP level 2. HP: 15/23 MP: 0/6
   185 | D:1      | Reached skill level 3 in Spellcasting
   227 | D:1      | Reached XP level 3. HP: 29/29 MP: 5/8
   386 | D:2      | Reached skill level 4 in Spellcasting
   408 | D:2      | Learned a level 2 spell: Passwall
   412 | D:2      | Learned a level 3 spell: Stone Arrow
   444 | D:2      | Reached XP level 4. HP: 36/36 MP: 9/11
   471 | D:2      | Found Ecatosiff's Jewellery Shop.
   668 | D:2      | Found a faded altar of an unknown god.
   711 | D:2      | Found Fishap's Antique Armour Shop.
   715 | D:2      | Noticed Jessica
   721 | D:2      | Killed Jessica
   722 | D:2      | Reached skill level 5 in Spellcasting
   722 | D:2      | Reached XP level 5. HP: 40/41 MP: 7/13
   874 | D:3      | HP: 1/41 [hobgoblin (4)]
   875 | D:3      | Mangled by an iguana

Illustrated notes

Levels and vault maps discovered:
D:1:      scummos_arrival_forest, layout_basic, serial_park_tiny_2
D:2:      kennysheep_six_static_rooms, layout_basic, serial_shops,
          nicolae_lakefront_shop, nicolae_shop_bloodbath_and_beyond, shop,
          ebering_ecumenical_altar_abandoned, serial_glass, glass_columns_b,
          glass_columns_a, uniq_jessica
D:3:      layout_loops_ring, minmay_diced_spiral

Skill      XL: |  1  2  3  4 |
---------------+-------------+-----
Fighting       | 1 2 |  2.0
Spellcasting   | 3 4 5 |  5.0
Dodging        | 3 |  3.1
Stealth        | |  1.4
Transmutations | |  1.2
Earth Magic    | |  3.6

Action                   |  1- 3 |  4- 6 || total
-------------------------+-------+-------++-------
Melee: Unarmed           |     4 |       ||     4
       Short sword       |     2 |     2 ||     4
 Cast: Sandblast         |    44 |    40 ||    84
  Use: Scroll            |       |     2 ||     2
Armor: Robe              |     7 |     5 ||    12
Dodge: Dodged            |     5 |    10 ||    15

Table legend: (Time is in decaauts)
 A = Elapsed time spent in this place.
 B = Non-inter-level travel time spent in this place.
 C = Inter-level travel time spent in this place.
 D = Time resting spent in this place.
 E = Time spent auto-exploring this place.
 F = Levels seen in this place.
 G = Mean time per level.
                   A        B        C        D        E       F      G
               +--------+--------+--------+--------+--------+-----+--------+
         Total |    915 |    915 |      0 |      0 |      0 |   3 |  305.0 |
       Dungeon |    915 |    915 |      0 |      0 |      0 |   3 |  305.0 |
               +--------+--------+--------+--------+--------+-----+--------+

Top non-repeatable levels by time:
     D:2: 477 daAuts
     D:1: 338 daAuts
     D:3: 99 daAuts
